 Dungeon Crawl Stone Soup version 0.30-a0-777-ga9a30cbeda (webtiles) character file.

Game seed: 16051745387109580996

1597 dohliylev the Ruffian (level 8, -8/75 HPs)
             Began as a Troll Warper on Feb 13, 2023.
             Mangled by a gnoll
             ... wielding a +0 halberd
             ... led by a gnoll bouda
              (10 damage)
             ... on level 6 of the Dungeon on Feb 14, 2023.
             The game lasted 00:18:30 (4686 turns).

dohliylev the Ruffian (Troll Warper)                Turns: 4686, Time: 00:18:30

Health: -8/75      AC:  6    Str: 26    XL:     8   Next: 62%
Magic:  8/10       EV: 10    Int:  9    God:
Gold:   328        SH:  0    Dex: 11    Spells: 6/11 levels left

rFire   . . .      SeeInvis .      - Unarmed
rCold   + + .      Faith    .    (no shield)
rNeg    . . .      Spirit   .    k - +0 robe "Zirhogg Nukh" {rC++ Str+4 Dex-4 Stlth+}
rPois   .          Reflect  .    (helmet restricted)
rElec   .          Harm     .    w - +1 cloak {rCorr}
rCorr   +          Rampage  .    (gloves unavailable)
Will    +....                    (boots unavailable)
Stlth   ++                       (no amulet)
HPRegen 1.12/turn                e - +6 ring of dexterity
MPRegen 0.12/turn                a - ring of willpower

@: on blink cooldown
A: large, unfitting armour, claws 3, regeneration 1, shaggy fur 1, tough skin 1
a: no special abilities


You were on level 6 of the Dungeon.
You visited 1 branch of the dungeon, and saw 6 of its levels.

You collected 328 gold pieces.

Inventory:

Missiles
 h - 2 atropa-tipped darts (quivered)
 A - 5 curare-tipped darts
Armour
 k - the +0 robe "Zirhogg Nukh" (worn) {rC++ Str+4 Dex-4 Stlth+}
   (You found it on level 2 of the Dungeon)

   Str:       It affects your strength (+4).
   Dex:       It affects your dexterity (-4).
   rC:        It greatly protects you from cold.
   Stlth:     It makes you more stealthy.
 w - a +1 cloak of preservation (worn)
Jewellery
 a - a ring of willpower (right claw)
 e - a +6 ring of dexterity (left claw)
Wands
 n - a wand of roots (13)
 p - a wand of flame (30)
 t - a wand of paralysis (4)
Scrolls
 b - 4 scrolls of blinking
 c - a scroll of fear {unknown}
 d - a scroll of fog {unknown}
 g - 9 scrolls of identify {unknown}
 i - 5 scrolls of teleportation {unknown}
 o - 2 scrolls of torment {unknown}
 s - 2 scrolls of vulnerability {unknown}
 u - a scroll of enchant weapon {unknown}
 x - 2 scrolls of immolation {unknown}
Potions
 f - 2 potions of cancellation {unknown}
 j - 2 potions of invisibility {unknown}
 l - a potion of flight {unknown}
 m - a potion of magic {unknown}
 q - a potion of mutation {unknown}
 r - 2 potions of brilliance {unknown}
 v - 3 potions of curing {unknown}
 z - a potion of degeneration {unknown}


   Skills:
 + Level 3.0 Fighting
 + Level 4.1 Throwing
 + Level 3.6 Dodging
 + Level 7.6 Unarmed Combat
 + Level 2.3 Spellcasting
 + Level 3.0 Translocations


You had 6 spell levels left.
You knew the following spells:

 Your Spells              Type           Power      Damage    Failure   Level
a - Blink                 Tloc           12%        N/A       14%         2
b - Teleport Other        Tloc           6%         N/A       28%         3

Your spell library contained the following spells:

 Spells                   Type           Power      Damage    Failure   Level
 Lesser Beckoning         Tloc           12%        N/A       14%         2
 Necrotise                Necr           4%         1d4       32%         1
 Sublimation of Blood     Necr           1%         N/A       45%         2
 Wereblood                Tmut           1%         N/A       45%         2
 Vhi's Electric Charge    Tloc/Air       6%         N/A       45%         3
 Manifold Assault         Tloc           6%         N/A       67%         4
 Vampiric Draining        Necr           1%         2d6       69%         3
 Agony                    Necr           1%         N/A       100%        5
 Yara's Violent Unravell  Hex/Tmut       0%         3d3       100%        5
 Enfeeble                 Hex            0%         N/A       100%        7
 Summon Hydra             Summ           0%         N/A       100%        7


Dungeon Overview and Level Annotations

Branches:
Dungeon (6/15)             Temple (0/1) D:5

Altars:
Sif Muna
The Shining One


Innate Abilities, Weirdness & Mutations

You are too large for most types of armour.
You have claws for hands.
Your natural rate of healing is unusually fast.
You are covered in fur. (AC +1)
You have tough skin. (AC +1)


Message History

You scratch the scorpion.
You kill the scorpion!
Your attacks no longer feel as feeble.
You feel sick.
The gnoll hits you from afar with a +0 halberd.
Your Throwing skill increases to level 4!
You scratch the gnoll bouda but do no damage.
You feel sick. The gnoll misses you.
The gnoll bouda hits you with a +0 club.
You closely miss the gnoll bouda.
You feel sick.
The gnoll bouda hits you with a +0 club.
The gnoll hits you from afar with a +0 halberd!
You claw the gnoll bouda!
You kill the gnoll bouda!
You feel sick. The gnoll misses you.
You barely miss the iguana.
You feel sick. The iguana bites you.
The gnoll hits you from afar with a +0 halberd!
You claw the iguana!
The iguana is heavily wounded.
The gnoll is no longer moving quickly.
You claw the iguana!
You kill the iguana!
You feel sick. The gnoll barely misses you.
You scratch the orc.
The orc is moderately wounded.
You feel sick.
You are no longer poisoned.
The gnoll hits you from afar with a +0 halberd!
* * * LOW HITPOINT WARNING * * *
The orc hits you with a +0 short sword.
* * * LOW HITPOINT WARNING * * *
You scratch the orc.
The orc is heavily wounded.
The gnoll hits you from afar with a +0 halberd!
* * * LOW HITPOINT WARNING * * *
The orc barely misses you.
Cast which spell? (? or * to list)
You blink.
The gnoll hits you from afar with a +0 halberd!
You die...

#.......#
'.......###
#........<#
#...(...###
#......)#
.(......#
........#######.
.....##.#.......
.....#.@........
######.#........
#....go'....?...
#+####o#........
#ยง#....(...
#.#........
+.#........
###........


You could see a gnoll and 2 orcs.

Vanquished Creatures
  Grinder (D:3)
  Sigmund (D:3)
  Edmund (D:4)
  A phantom (D:4)
  A scorpion (D:6)
  A necrophage (D:5)
  A howler monkey (D:4)
  An orc priest (D:5)
  4 gnoll boudas
  5 hounds
  A jelly (D:5)
  Crazy Yiuf (D:4)
  4 iguanas
  Ijyb (D:4)
  Natasha (thrice) (D:3)
  Robin (D:2)
  18 gnolls
  7 adders
  4 worms
  3 dart slugs
  10 orcs
  6 ball pythons
  4 bats
  9 endoplasms
  4 giant cockroaches
  14 goblins
  10 hobgoblins
  5 jackals
  5 kobolds
  5 quokkas
  2 frilled lizards
  4 rats
138 creatures vanquished.

Vanquished Creatures (others)
  6 plants (D:5)
6 creatures vanquished.

Grand Total: 144 creatures vanquished

Notes
Turn   | Place    | Note
-------+----------+-------------------------------------------
     0 | D:1      | dohliylev the Troll Warper began the quest for the Orb.
     0 | D:1      | Reached XP level 1. HP: 19/19 MP: 1/1
    65 | D:1      | Reached XP level 2. HP: 28/28 MP: 3/3
   106 | D:1      | You fall into a shaft and drop 1 floor!
   313 | D:1      | Reached XP level 3. HP: 34/35 MP: 4/4
   701 | D:2      | Reached skill level 1 in Throwing
   927 | D:2      | Identified the +0 robe "Zirhogg Nukh" {rC++ Str+4 Dex-4
                  | Stlth+}
   996 | D:2      | Reached XP level 4. HP: 17/42 MP: 5/5
  1000 | D:2      | Reached skill level 3 in Unarmed Combat
  1025 | D:2      | Learned a level 2 spell: Blink
  1061 | D:2      | Found a glowing golden altar of the Shining One.
  1238 | D:3      | Noticed Robin
  1254 | D:2      | Killed Robin
  1422 | D:3      | Noticed Sigmund
  1602 | D:3      | Reached XP level 5. HP: 49/49 MP: 6/6
  1681 | D:3      | Killed Sigmund
  1682 | D:3      | Reached skill level 4 in Unarmed Combat
  1682 | D:3      | Reached XP level 6. HP: 57/57 MP: 7/7
  1806 | D:3      | Noticed Natasha
  1812 | D:3      | Killed Natasha
  1958 | D:3      | Noticed Natasha
  1964 | D:3      | Killed Natasha
  1997 | D:3      | Noticed Grinder
  2005 | D:3      | Paralysed by Grinder for 2 turns
  2013 | D:3      | Killed Grinder
  2014 | D:3      | Reached skill level 5 in Unarmed Combat
  2014 | D:3      | Reached XP level 7. HP: 54/65 MP: 8/8
  2187 | D:3      | Noticed Natasha
  2194 | D:3      | Killed Natasha
  2270 | D:4      | Learned a level 3 spell: Teleport Other
  2559 | D:4      | Noticed Edmund
  2714 | D:4      | Noticed Ijyb
  2787 | D:4      | Found a runed translucent door.
  2788 | D:4      | Noticed Crazy Yiuf
  3425 | D:4      | Killed Crazy Yiuf
  3426 | D:4      | Reached skill level 6 in Unarmed Combat
  3612 | D:4      | Killed Ijyb
  3970 | D:4      | Killed Edmund
  4000 | D:4      | Upgraded the game from 0.30-a0-772-g5528072125 to
                  | 0.30-a0-777-ga9a30cbeda
  4005 | D:5      | Entered Level 5 of the Dungeon
  4028 | D:5      | Found a shimmering blue altar of Sif Muna.
  4034 | D:5      | Reached XP level 8. HP: 61/74 MP: 10/10
  4263 | D:5      | Reached skill level 7 in Unarmed Combat
  4575 | D:5      | Found a staircase to the Ecumenical Temple.
  4685 | D:6      | HP: 1/75 [gnoll/+0 halberd[a gnoll bouda] (12)]
  4686 | D:6      | Mangled by a gnoll

Illustrated notes

Levels and vault maps discovered:
D:1:      ncdulo_wetmaze, layout_rooms, minmay_misc_feat_doors
D:2:      layout_basic, basic_altar
D:3:      layout_rooms, uniq_grinder, uniq_robin, uniq_sigmund, uniq_natasha
D:4:      layout_basic, uniq_ijyb, uniq_edmund, uniq_crazy_yiuf_cottage
D:5:      layout_cave_pools, led_sif_pool, minmay_temple_entry_poolview,
          nicolae_grassy_gnolls
D:6:      layout_basic, mainiacjoe_overflow_alcove_2, uniq_menkaure

Skill      XL: |  1  2  3  4  5  6  7  8 |
---------------+-------------------------+-----
Dodging        | 2 3 |  3.6
Throwing       | 1 2 3 4 |  4.1
Fighting       | 2 3 |  3.0
Unarmed Combat | 3 4 5 6 7 |  7.6
Spellcasting   | 2 |  2.3
Translocations | 3 |  3.0

Action                     |  1- 3 |  4- 6 |  7- 9 || total
---------------------------+-------+-------+-------++-------
  Melee: Unarmed           |    81 |    81 |   176 ||   338
         Punch             |     1 |     2 |     6 ||     9
  Throw: Boomerang         |     2 |     4 |     1 ||     7
         Dart              |    34 |    24 |    29 ||    87
   Cast: Teleport Other    |       |       |     9 ||     9
         Blink             |       |       |     4 ||     4
   Stab: Sleeping          |     2 |     3 |     3 ||     8
         Invisible         |       |       |     1 ||     1
 Armour: Robe              |    20 |    18 |    45 ||    83
  Dodge: Dodged            |    39 |    32 |    79 ||   150

Table legend: (Time is in decaauts)
 A = Elapsed time spent in this place.
 B = Non-inter-level travel time spent in this place.
 C = Inter-level travel time spent in this place.
 D = Time resting spent in this place.
 E = Time spent auto-exploring this place.
 F = Levels seen in this place.
 G = Mean time per level.
                   A        B        C        D        E       F      G
               +--------+--------+--------+--------+--------+-----+--------+
         Total |   4653 |   4274 |    379 |    831 |   2218 |   6 |  775.5 |
       Dungeon |   4653 |   4274 |    379 |    831 |   2218 |   6 |  775.5 |
               +--------+--------+--------+--------+--------+-----+--------+

Top non-repeatable levels by time:
     D:4: 1732 daAuts
     D:2: 1021 daAuts
     D:3: 708 daAuts
     D:5: 632 daAuts
     D:1: 527 daAuts
     D:6: 32 daAuts
